 Dungeon Crawl Stone Soup version 0.31-a0-810-ga77100ea1a (webtiles) character file.

Game seed: 17447881208658278352

183837 redmage the Severer (level 17, -4/150 HPs)
             Began as an Armataur Fighter on Sept 21, 2023.
             Was the Champion of the Shining One.
             Slain by a spark wasp (21 damage)
             ... on level 2 of the Spider Nest on Sept 22, 2023.
             The game lasted 02:45:58 (26203 turns).

redmage the Severer (Armataur Fighter)             Turns: 26203, Time: 02:45:59

Health: -4/150     AC: 31    Str: 21    XL:     17   Next: 75%
Magic:  34/35      EV:  6    Int: 14    God:    the Shining One [******]
Gold:   188        SH: 17    Dex: 15    Spells: 10/17 levels left

rFire   . . .        r - +8 broad axe (venom)
rCold   + . .        c - +0 buckler
rNeg    + + +        p - +3 chain mail {rPois}
rPois   +            m - +2 helmet
rElec   .            Y - +3 cloak "Oriyzucs" {rF- Regen+ rCorr}
rCorr   +            q - +1 pair of gloves {Stlth+}
SInv    .            D - +2 barding {rC+}
Will    +....        F - amulet of the acrobat Stlth
                     N - ring of protection from cold
HPRegen 1.25/turn    y - ring "Maitalet" {Fire rCorr MP+9 Int+4 Dex-2}
MPRegen 0.24/turn

%: acrobat, roll
@: divinely shielded, glowing
A: large, rugged brown scales 3, deformed body, armoured tail, roll, long
tongue, awkward tongue
a: Renounce Religion, Divine Shield, Cleansing Flame, Summon Divine Warrior,
Brand Weapon With Holy Wrath


You were on level 2 of the Spider Nest.
You worshipped the Shining One.
The Shining One was exalted by your worship.
You visited 7 branches of the dungeon, and saw 30 of its levels.
You visited the Abyss 1 time.
You also visited: Bailey.

You collected 2604 gold pieces.
You spent 2416 gold pieces at shops.

Inventory:

Hand Weapons
 a - a +3 broad axe of electrocution
 r - a +8 broad axe of venom (weapon)
 t - a +2 war axe of flaming
Missiles
 l - 4 curare-tipped darts
 C - 11 darts of dispersal
 E - a throwing net
Armour
 c - a +0 buckler (worn)
 m - a +2 helmet (worn)
 p - a +3 chain mail of poison resistance (worn)
 q - a +1 pair of gloves of stealth (worn)
 D - a +2 barding of cold resistance (worn)
 R - a +1 cloak of poison resistance
 Y - the +3 cloak "Oriyzucs" (worn) {rF- Regen+ rCorr}
   (You found it on level 4 of the Lair of Beasts)

   rF-:       It makes you vulnerable to fire.
   Regen+:    It increases your rate of health regeneration.
   rCorr:     It protects you from acid and corrosion.
Jewellery
 h - a ring of flight
 y - the ring "Maitalet" (right hand) {Fire rCorr MP+9 Int+4 Dex-2}
   (You bought it in a shop on level 2 of the Orcish Mines)

   [ring of fire]

   Fire:      It enhances your fire magic.
   Int+4:     It affects your intelligence (+4).
   Dex-2:     It affects your dexterity (-2).
   rF+:       It protects you from fire.
   rC-:       It makes you vulnerable to cold.
   MP+9:      It affects your magic capacity (+9).
   rCorr:     It protects you from acid and corrosion.
 F - an amulet of the acrobat (around neck)
 N - a ring of protection from cold (left hand)
 S - a ring of wizardry
 T - an amulet of magic regeneration
Talismans
 j - a granite talisman
Wands
 O - a wand of digging (13)
 P - a wand of iceblast (32)
 Q - a wand of paralysis (3)
 W - a wand of mindburst (3) (quivered)
 X - a wand of acid (10)
Scrolls
 e - a scroll of vulnerability
 g - 3 scrolls of blinking
 i - a scroll of poison
 o - 2 scrolls of fear
 u - 6 scrolls of teleportation
 w - a scroll of fog
 A - 2 scrolls of silence
 H - 2 scrolls of enchant armour
 K - 3 scrolls of butterflies
 L - 5 scrolls of immolation
 U - 2 scrolls of revelation
 V - 3 scrolls of amnesia
Potions
 b - 3 potions of ambrosia
 d - 4 potions of might
 f - 4 potions of attraction
 n - 3 potions of lignification
 s - 2 potions of berserk rage
 v - 5 potions of haste
 x - a potion of curing
 z - 4 potions of enlightenment
 G - 2 potions of resistance
 I - a potion of magic
 J - 5 potions of brilliance
 M - 2 potions of cancellation
 Z - a potion of mutation


   Skills:
 + Level 10.3 Fighting
 + Level 19.3 Axes
 + Level 10.1 Armour
 + Level 4.1 Dodging
 + Level 10.0 Shields
 + Level 0.7 Spellcasting
 + Level 7.9 Translocations
 - Level 8.0 Transmutations
 - Level 12.0 Invocations
 + Level 0.8 Shapeshifting


You had 10 spell levels left.
You knew the following spells:

 Your Spells              Type           Power      Damage    Failure   Level
a - Apportation           Tloc           44%        N/A       6%          1
b - Blink                 Tloc           44%        N/A       10%         2
c - Passwall              Tmut/Erth      9%         N/A       43%         2
d - Wereblood             Tmut           22%        N/A       9%          2

Your spell library contained the following spells:

 Spells                   Type           Power      Damage    Failure   Level
 Lesser Beckoning         Tloc           44%        N/A       10%         2
 Gell's Gravitas          Tloc           22%        N/A       19%         3
 Teleport Other           Tloc           22%        N/A       19%         3
 Sting                    Tmut/Pois      44%        1d5       30%         1
 Momentum Strike          Conj/Tloc      22%        3d8       43%         2
 Manifold Assault         Tloc           22%        N/A       54%         4
 Magic Dart               Conj           0%         1d3       85%         1
 Necrotise                Necr           0%         1d4       85%         1
 Shock                    Conj/Air       0%         1d3       85%         1
 Summon Small Mammal      Summ           0%         N/A       85%         1
 Call Imp                 Summ           0%         N/A       94%         2
 Ensorcelled Hibernation  Hex/Ice        0%         N/A       94%         2
 Poisonous Vapours        Pois/Air       0%         N/A       94%         2
 Searing Ray              Conj           0%         2d4       94%         2
 Dimensional Bullseye     Hex/Tloc       5%         N/A       97%         4
 Iskenderun's Mystic Bla  Conj/Tloc      11%        2d4       97%         4
 Hailstorm                Conj/Ice       0%         3d3       99%         3
 Mephitic Cloud           Conj/Pois/Air  0%         N/A       99%         3
 Swiftness                Air            0%         N/A       99%         3
 Tukima's Dance           Hex            0%         N/A       99%         3
 Animate Armour           Summ/Erth      0%         N/A       100%        4
 Fulminant Prism          Conj/Hex       0%         3d5       100%        4
 Olgreb's Toxic Radiance  Pois           0%         N/A       100%        4
 Summon Ice Beast         Ice/Summ       0%         N/A       100%        4
 Summon Lightning Spire   Summ/Air       0%         N/A       100%        4
 Arcjolt                  Conj/Air       0%         1d10      100%        5
 Irradiate                Conj/Tmut      5%         3d13      100%        5
 Iskenderun's Battlesphe  Conj           0%         2d6       100%        5
 Lee's Rapid Deconstruct  Erth           0%         3d4*      100%        5
 Summon Forest            Summ/Tloc      5%         N/A       100%        5
 Dispersal                Tloc           11%        N/A       100%        6
 Leda's Unmaking          Conj/Erth      0%         9d1       100%        6
 Simulacrum               Ice/Necr       0%         N/A       100%        6
 Spellforged Servitor     Conj/Summ      0%         N/A       100%        7
 Dragon's Call            Summ           0%         N/A       100%        9
 Fire Storm               Conj/Fire      0%         5d1       100%        9


Dungeon Overview and Level Annotations

Branches:
Dungeon (14/15)            Temple (1/1) D:7            Lair (5/5) D:10
 Shoals (3/4) Lair:3       Spider (2/4) Lair:3        Slime (0/5) Lair:4
    Orc (2/2) D:9             Elf (3/3) Orc:2        Vaults (0/5) D:13
 Bailey (visited)

Altars:
Ashenzari
Cheibriados
Dithmenos
Elyvilon
Fedhas
Gozag
Hepliaklqana
Kikubaaqudgha
Makhleb
Nemelex Xobeh
Okawaru
Qazlal
Ru
Sif Muna
Trog
Uskayaw
Xom
Yredelemnul
Zin
The Shining One
Jiyva

Shops:
D:7 (   D:9 (   D:11 *   Orc:1 (((   Orc:2 =*[(   Elf:2 [   Elf:3 [
Shoals:1 *(

Annotations:
D:3 3 runed translucent doors, browni3141's ghost, amateur FoEE
Lair:4 3 runed translucent doors, exclusion: 2 oklob plants, avis's ghost, journeyman FeSh
Shoals:1 3 runed translucent doors, exclusion: obsidian statue, 2FriedEggs's ghost, journeyman SpHu


Innate Abilities, Weirdness & Mutations

You are completely covered in rugged brown scales. (AC +3, +7% HP)
Armour fits poorly on your strangely shaped body.
You have a long armoured tail.
You roll when moving toward enemies. (Rampage)
Your long tongue fully drains potion bottles. (2x potion effects)
Your tongue gives you trouble enunciating. (1.5x scroll delay)


Message History

* * * LOW HITPOINT WARNING * * *
The spark wasp shocks you!
* * * LOW HITPOINT WARNING * * *
The jumping spider leaps!
You block the broodmother simulacrum's attack.
You feel much better.
You slurp down every last drop of the potion of heal wounds!
You block the spark wasp's attack.
The broodmother simulacrum barely misses you.
The spark wasp stings you. The spark wasp shocks you!
* * * LOW HITPOINT WARNING * * *
You hit the spark wasp.
The spark wasp is poisoned.
The spark wasp is heavily wounded.
You hit the broodmother simulacrum but do no damage.
You block the spark wasp's attack.
The broodmother simulacrum bites you but does no damage.
Unknown command.
Unknown command.
Unknown command.
You hit the spark wasp.
The spark wasp looks as sick as possible!
Your tail-slap misses the spark wasp.
The spark wasp is heavily wounded.
You slash the broodmother simulacrum! You block the spark wasp's attack.
Unknown command.
Unknown command.
You closely miss the spark wasp.
Your tail-slap misses the spark wasp.
The spark wasp is heavily wounded.
You slice the broodmother simulacrum!! The broodmother simulacrum bites you!
* * * LOW HITPOINT WARNING * * *
The broodmother simulacrum freezes you! You resist.
* * * LOW HITPOINT WARNING * * *
You block the spark wasp's attack.
Unknown command.
You slash the broodmother simulacrum!
The broodmother simulacrum vaporises!
You hit the spark wasp but do no damage.
The spark wasp looks as sick as possible!
The spark wasp stings you!!
You die...

.w..^..... .........
........ . .....# ..
.....#.#.
##....~≈~~~≈.~..
#......~~~~..~..
##@☼.# ##.~~..~~#
#..y.###..~~~...###
#..........#.......
#.#................
###................
#................
####...........##.
##...............#^
##^..............###


You could see a spark wasp (extremely poisoned).

Vanquished Creatures
  Nikola (Elf:2)
  Rupert (D:14)
  Jorgrun (Orc:1)
  Agnes (D:14)
  Roxanne (Elf:3)
  2 ghost moths (Spider:1)
  2 deep elf sorcerers
  2 orc warlords
  Nessos (D:14)
  A broodmother (Spider:2)
  3 deep elf annihilators
  Snorg (D:10)
  A spark wasp (Spider:1)
  A deep elf death mage (Elf:3)
  A merfolk impaler (Shoals:1)
  2 entropy weavers (Spider:2)
  5 hydras
  Erolcha (D:12)
  A catoblepas (Lair:4)
  3 centaur warriors
  A merfolk avatar (Shoals:1)
  Erica (Orc:1)
  4 boulder beetles
  A two-headed ogre (D:13)
  A death scarab (Spider:2)
  2 tengu warriors (D:13)
  A death knight (D:13)
  2 death yaks
  10 dancing weapons
  4 deep elf knights
  2 orc high priests (Orc:2)
  3 skysharks
  Sonja (Orc:1)
  A skeletal warrior (D:13)
  2 pharaoh ants (Spider:2)
  Lodul (D:12)
  4 orb spiders (Spider:1)
  A steelbarb worm (Spider:1)
  5 deep elf archers (Elf:3)
  2 wizards (D:14)
  A lindwurm (Lair:5)
  2 orc knights (Orc:2)
  A necromancer (D:13)
  23 deep elf pyromancers
  5 harpies (Shoals:1)
  26 deep elf zephyrmancers
  3 starcursed masses (Abyss:2)
  2 ugly things
  7 wolf spiders
  4 orc sorcerers
  5 cyclopes
  8 fauns
  2 worldbinders (Abyss:2)
  2 moths of wrath (Spider:1)
  6 manticores
  4 merfolk sirens
  10 elephants
  2 slime creatures (D:13)
  Joseph (Lair:1)
  A guardian serpent (Lair:5)
  A water nymph (Shoals:2)
  7 black mambas
  Maurice (Orc:2)
  2 unseen horrors
  2 torpor snails
  2 gargoyles
  18 cane toads
  10 komodo dragons
  2 rime drakes (Lair:5)
  A tengu conjurer (D:14)
  2 freezing wraiths
  2 polar bears (Lair:5)
  3 meliai (Spider:2)
  4 hornets
  4 trolls
  6 merfolk
  Grinder (D:5)
  2 wind drakes (Shoals:1)
  8 tarantellas
  19 blink frogs
  2 snapping turtles
  2 dream sheep (Shoals:1)
  A shadow (D:12)
  9 jumping spiders
  Sigmund (D:5)
  2 culicivoras (Spider:1)
  2 air elementals (Elf:3)
  32 yaks
  2 water elementals
  5 wraiths
  16 wyverns
  A human (D:8)
  A vampire (D:11)
  3 fire elementals
  4 hogs (D:8)
  23 redbacks
  3 fire bats (Abyss:2)
  A steam dragon (D:9)
  3 basilisks
  3 vampire mosquitoes (D:12)
  2 wargs (Orc:2)
  A swamp worm (shapeshifter) (Elf:1)
  An acid dragon (D:12)
  24 water moccasins
  2 hell hounds (Elf:2)
  3 sky beasts (D:6)
  37 orc warriors
  An ice beast (D:8)
  8 wolves
  11 ogres
  6 centaurs
  A phantom (D:4)
  A small abomination (Abyss:2)
  3 kobold brigands
  5 gnoll sergeants
  17 bullfrogs
  An earth elemental (Elf:3)
  2 scorpions
  8 wights
  10 killer bees
  4 electric eels
  5 howler monkeys
  4 hounds
  25 orc priests
  A jelly (D:6)
  3 gnoll boudas
  Ijyb (D:5)
  4 iguanas
  42 orc wizards
  9 adders
  31 gnolls
  2 shadow imps
  2 white imps
  A worm (D:4)
  3 dart slugs
  117 orcs
  2 ball pythons (D:1)
  4 bats
  2 bat zombies (D:6)
  An endoplasm (D:2)
  2 giant cockroaches
  19 goblins
  14 hobgoblins
  7 jackals
  25 kobolds
  4 quokkas
  3 frilled lizards
  7 rats
897 creatures vanquished.

Vanquished Creatures (collateral kills)
  Norris (Elf:2)
  Azrael (Elf:2)
  A deep elf annihilator (Elf:2)
  A two-headed ogre (D:14)
  A radroach (shapeshifter) (Elf:2)
  A merfolk aquamancer (Shoals:2)
  9 dancing weapons
  2 orc high priests (Orc:2)
  4 deep elf knights
  2 skysharks (Elf:2)
  A deep elf archer (Elf:2)
  2 fauns (Shoals:2)
  3 deep elf zephyrmancers
  2 orc knights (Orc:2)
  3 deep elf pyromancers
  An orc sorcerer (Orc:2)
  A merfolk siren (Shoals:2)
  A gargoyle (D:14)
  An efreet (D:14)
  A merfolk (Shoals:2)
  A snapping turtle (Shoals:2)
  3 fire elementals (Elf:2)
  A hell hound (Elf:2)
  8 orc warriors (Orc:2)
  2 orc priests (Orc:2)
  7 orc wizards (Orc:2)
  4 orcs (Orc:2)
65 creatures vanquished.

Vanquished Creatures (others)
  2 dancing weapons (Elf:2)
  A deep elf zephyrmancer (Elf:2)
  A fire elemental (Elf:2)
  2 orc wizards
6 creatures vanquished.

Grand Total: 968 creatures vanquished

Notes
Turn   | Place    | Note
-------+----------+-------------------------------------------
     0 | D:1      | redmage the Armataur Fighter began the quest for the Orb.
     0 | D:1      | Reached XP level 1. HP: 19/19 MP: 1/1
   134 | D:1      | Found a faded altar of an unknown god.
   223 | D:1      | Reached XP level 2. HP: 26/26 MP: 2/2
   486 | D:1      | Reached skill level 2 in Axes
   916 | D:2      | Reached XP level 3. HP: 33/33 MP: 3/3
  1084 | D:2      | Reached XP level 4. HP: 26/40 MP: 4/4
  1913 | D:3      | Found a runed translucent gate.
  1913 | D:3      | Found a runed translucent gate.
  1913 | D:3      | Found a runed translucent gate.
  1914 | D:3      | Noticed browni3141's ghost (amateur FoEE)
  1959 | D:3      | Reached skill level 3 in Axes
  2545 | D:4      | Reached XP level 5. HP: 48/48 MP: 5/5
  2655 | D:4      | Noticed a phantom
  2663 | D:4      | Killed a phantom
  2664 | D:4      | Reached skill level 5 in Armour
  2745 | D:4      | Reached XP level 6. HP: 54/54 MP: 6/6
  3225 | D:4      | Got an upside-down book
  3395 | D:5      | Entered Level 5 of the Dungeon
  3396 | D:5      | Noticed Sigmund
  3407 | D:4      | Reached skill level 4 in Axes
  3611 | D:5      | Reached skill level 5 in Shields
  3647 | D:5      | Killed Sigmund
  3648 | D:5      | Reached XP level 7. HP: 44/60 MP: 5/7
  3659 | D:5      | Got a tattered book
  3721 | D:5      | Reached skill level 5 in Axes
  4494 | D:5      | Reached XP level 8. HP: 67/67 MP: 8/8
  4531 | D:5      | Reached skill level 6 in Axes
  4628 | D:5      | Found a basalt altar of Yredelemnul.
  4646 | D:5      | Noticed Grinder
  4656 | D:5      | Killed Grinder
  4743 | D:5      | Noticed Ijyb
  4765 | D:5      | Killed Ijyb
  5050 | D:5      | Learned a level 1 spell: Apportation
  5053 | D:5      | Learned a level 2 spell: Blink
  5056 | D:5      | Learned a level 2 spell: Passwall
  5059 | D:5      | Learned a level 2 spell: Wereblood
  5128 | D:6      | Identified a scroll of acquirement
  5128 | D:6      | Acquired a +2 war axe of flaming
  5427 | D:6      | Reached skill level 7 in Axes
  5436 | D:6      | Found a white marble altar of Elyvilon.
  5464 | D:6      | Found a shimmering altar of Xom.
  5583 | D:6      | Reached XP level 9. HP: 66/77 MP: 7/9
  5903 | D:6      | Found an ancient bone altar of Kikubaaqudgha.
  6156 | D:7      | Found Gess's Antique Weapon Boutique.
  6163 | D:7      | Found a flagged portal.
  6171 | Bailey   | Entered a bailey
  6312 | Bailey   | Reached skill level 5 in Fighting
  6399 | Bailey   | Reached skill level 8 in Axes
  6569 | Bailey   | Noticed an orc warlord
  6758 | Bailey   | Killed an orc warlord
  6759 | Bailey   | Reached XP level 10. HP: 38/88 MP: 4/10
  6919 | Bailey   | Identified the +0 ice dragon scales "Niuro" {rElec rPois
                  | rF- rC++ Int+6}
  6970 | D:7      | Reached skill level 9 in Axes
  7202 | D:7      | Found a staircase to the Ecumenical Temple.
  7211 | Temple   | Entered the Ecumenical Temple
  7212 | Temple   | Upgraded the game from 0.31-a0-806-g0bc164a743 to
                  | 0.31-a0-810-ga77100ea1a
  7225 | Temple   | Became a worshipper of the Shining One
  7595 | D:8      | Reached skill level 10 in Axes
  7674 | D:8      | Found a broken altar of Ashenzari.
  7716 | D:9      | Found Loast's Weapon Boutique.
  7716 | D:9      | Found a staircase to the Orcish Mines.
  8020 | D:9      | Found a hazy altar of Hepliaklqana.
  8483 | D:9      | Found a hide-covered altar of Uskayaw.
  8526 | D:10     | Entered Level 10 of the Dungeon
  8562 | D:10     | Reached * piety under the Shining One
  8640 | D:10     | Noticed Snorg
  8663 | D:10     | Killed Snorg
  8664 | D:10     | Reached skill level 11 in Axes
  8820 | D:10     | Found a stormy altar of Qazlal.
  8821 | D:10     | Found an opulent altar of Gozag.
  8915 | D:10     | Found a sparkling altar of Nemelex Xobeh.
  8957 | D:10     | Found a burning altar of Makhleb.
  9011 | D:10     | Reached XP level 11. HP: 85/95 MP: 11/11
  9013 | D:10     | Found a staircase to the Lair.
  9118 | D:10     | Reached skill level 15 in Axes
  9118 | D:10     | Reached XP level 12. HP: 92/102 MP: 10/12
  9118 | D:10     | Reached XP level 13. HP: 98/109 MP: 10/13
  9338 | D:11     | Reached ** piety under the Shining One
  9388 | Orc:1    | Entered Level 1 of the Orcish Mines
  9426 | Orc:1    | Found Epuffum's Antique Weapon Shoppe.
  9509 | Orc:1    | Noticed Sonja
  9513 | Abyss:2  | Cast into level 2 of the Abyss (Sonja)
  9531 | Abyss:2  | Reached skill level 1 in Invocations
  9538 | Abyss:2  | Noticed a starcursed mass
  9650 | Abyss:2  | Noticed a brown very ugly thing
  9651 | Orc:1    | Escaped the Abyss
  9656 | Orc:1    | Killed Sonja
  9686 | Orc:1    | Noticed Jorgrun
  9721 | Orc:1    | Found Zadeh's Weapon Shop.
  9778 | Lair:1   | Entered Level 1 of the Lair of Beasts
 10087 | Lair:1   | Noticed Joseph
 10096 | Lair:1   | Killed Joseph
 10195 | Lair:1   | Reached skill level 16 in Axes
 10235 | Lair:1   | Reached skill level 5 in Invocations
 10743 | Lair:2   | Reached *** piety under the Shining One
 11082 | Lair:3   | Found a hole to the Spider Nest.
 11643 | Lair:3   | Found a staircase to the Shoals.
 12192 | Lair:4   | Reached XP level 14. HP: 105/118 MP: 16/21
 12374 | Lair:4   | Identified the +3 cloak "Oriyzucs" {rF- Regen+ rCorr}
 12560 | Lair:4   | Reached **** piety under the Shining One
 12575 | Lair:4   | Reached skill level 1 in Transmutations
 12627 | Lair:4   | Found a viscous altar of Jiyva.
 12628 | Lair:4   | Found a staircase to the Slime Pits.
 12951 | Lair:4   | Found a runed translucent gate.
 12951 | Lair:4   | Noticed avis's ghost (journeyman FeSh)
 12952 | Lair:4   | Found a runed translucent gate.
 12953 | Lair:4   | Found a runed translucent gate.
 13188 | Lair:4   | Reached skill level 10 in Invocations
 13373 | Lair:5   | Entered Level 5 of the Lair of Beasts
 14097 | Lair:5   | Found an ancient bone altar of Kikubaaqudgha.
 14248 | Lair:5   | Reached skill level 10 in Shields
 14248 | Lair:5   | Reached skill level 1 in Translocations
 15303 | Orc:2    | Entered Level 2 of the Orcish Mines
 15544 | Orc:2    | Found a staircase to the Elven Halls.
 15544 | Orc:2    | Noticed Maurice
 15567 | Orc:2    | Killed Maurice
 15620 | Orc:2    | Reached XP level 15. HP: 128/129 MP: 23/23
 15624 | Orc:2    | Reached ***** piety under the Shining One
 15896 | Orc:1    | Noticed Erica
 15898 | Orc:1    | Found Osoofila's Antique Weapon Boutique.
 15902 | Orc:1    | Killed Erica
 16181 | Orc:2    | Reached skill level 10 in Armour
 16222 | Orc:2    | Reached skill level 5 in Transmutations
 16241 | Orc:2    | Found Fulamese's General Store.
 16247 | Orc:2    | Found Naothromp's Jewellery Shop.
 16249 | Orc:2    | Found Oxet's Antique Armour Boutique.
 16249 | Orc:2    | Found Guuziv's Antique Weapon Boutique.
 16266 | Orc:2    | Bought a pair of runed gloves for 217 gold pieces
 16426 | Elf:1    | Entered Level 1 of the Elven Halls
 16790 | D:11     | Found Zin's Purification Station.
 16794 | D:11     | Found a glowing silver altar of Zin.
 16897 | D:11     | Identified the +2 robe of the Playwright {Stlth+}
 17140 | D:12     | Noticed Lodul
 17312 | D:12     | Killed Lodul
 17376 | D:12     | Reached skill level 5 in Translocations
 17376 | D:12     | Noticed Erolcha
 17388 | D:12     | Killed Erolcha
 18426 | D:13     | Found a gate to the Vaults.
 18657 | Shoals:1 | Entered Level 1 of the Shoals
 18657 | Shoals:1 | Found Sorar's Antique Weapon Emporium.
 18712 | Shoals:1 | Found a runed translucent gate.
 18712 | Shoals:1 | Found a runed translucent gate.
 18712 | Shoals:1 | Found a runed translucent gate.
 18714 | Shoals:1 | Found an opulent altar of Gozag.
 18714 | Shoals:1 | Found Usairphubb's Assorted Antiques.
 18718 | Shoals:1 | Noticed 2FriedEggs's ghost (journeyman SpHu)
 18983 | Shoals:2 | Reached ****** piety under the Shining One
 19064 | Shoals:2 | Reached skill level 10 in Fighting
 19394 | Shoals:1 | Reached XP level 16. HP: 97/143 MP: 19/25
 19606 | Orc:1    | Killed Jorgrun
 19654 | Orc:2    | Bought a scroll of teleportation for 51 gold pieces
 19655 | Orc:2    | Bought a ring of protection from cold for 300 gold pieces
 19655 | Orc:2    | Bought the ring "Maitalet" {Fire rCorr MP+9 Int+4 Dex-2}
                  | for 728 gold pieces
 19937 | Elf:1    | Got a peculiar book
 20214 | Elf:1    | Reached skill level 17 in Axes
 20605 | Elf:2    | Found Moek's Antique Armour Emporium.
 20692 | Elf:2    | Noticed Norris
 20710 | Elf:2    | Killed Norris
 20754 | Elf:2    | Noticed Azrael
 20772 | Elf:2    | Killed Azrael
 20884 | Elf:2    | Found a runed translucent gate.
 20885 | Elf:2    | Found a runed translucent gate.
 20885 | Elf:2    | Found a runed translucent gate.
 20896 | Elf:2    | Reached skill level 18 in Axes
 20917 | Elf:2    | Noticed Nikola
 20930 | Elf:2    | Killed Nikola
 20937 | Elf:2    | Noticed a deep elf blademaster
 20990 | Elf:3    | Entered Level 3 of the Elven Halls
 21335 | Elf:3    | Paralysed by an air elemental for 1 turns
 21406 | Elf:3    | Found Nimiqeun's Armour Boutique.
 21474 | Elf:3    | Reached skill level 1 in Dodging
 21475 | Elf:3    | Reached XP level 17. HP: 68/149 MP: 9/26
 21494 | Elf:3    | Noticed Roxanne
 21537 | Elf:3    | Killed Roxanne
 21718 | Elf:3    | Reached skill level 19 in Axes
 21732 | Elf:3    | Paralysed by an air elemental for 1 turns
 21737 | Elf:3    | Paralysed by an air elemental for 1 turns
 22208 | Elf:2    | Bought a warped plate armour for 1120 gold pieces
 22208 | Elf:2    | Identified the +3 plate armour of the Arcane {Dex+4} (You
                  | bought it in a shop on level 2 of the Elven Halls)
 22504 | D:13     | Found a shimmering altar of Xom.
 23170 | D:14     | Noticed Rupert
 23182 | D:14     | Killed Rupert
 23615 | D:14     | Noticed Nessos
 23625 | D:14     | Killed Nessos
 23718 | D:14     | Noticed Agnes
 23732 | D:14     | Killed Agnes
 24444 | Spider:1 | Entered Level 1 of the Spider Nest
 24650 | Spider:1 | Identified the +9 rapier of Netimopt {venom, Str+3}
 26203 | Spider:2 | Slain by a spark wasp

Illustrated notes

Levels and vault maps discovered:
D:1:      co_arrival_square_in_a_square_in_a_square, layout_basic,
          shapermc_ecumenical_altar_petra, grunt_decor_one_mirror,
          minmay_statues_item, minmay_box_of_dots
D:2:      layout_loops_ring
D:3:      layout_basic, gammafunk_ghost_necromancy, nrook_mini_vaults,
          grunt_decor_fettered
D:4:      layout_loops_ring, nicolae_titane
D:5:      layout_cave_pools, mainiacjoe_overflow_surrounded_room,
          serial_gnoll_camp, gnoll_camp_mini_basic, gnoll_camp_huts_basic,
          gnoll_camp_medium_01, gnoll_camp_mini_hut, gnoll_camp_mini_hut,
          nicolae_the_louvre, uniq_sigmund, uniq_grinder, uniq_ijyb
D:6:      layout_rooms, lemuel_zombie_altar_kikubaaqudgha,
          mainiacjoe_overflow_catwalk_spiral, supply_closet_lemuel,
          nicolae_concentric_dashed_squares_wild, minmay_unpleasant_kobolds
D:7:      layout_basic, mainiacjoe_overflow_alcove_1,
          minmay_temple_entry_stoned_glass, serial_shops,
          nicolae_shop_advertising_works [nicolae_subvault_shop_adworks],
          enter_bailey_7
D:8:      layout_basic, lemuel_coloured_pillars_altar,
          nicolae_ashenzari_skybound, grunt_livestock
D:9:      layout_gridville, nicolae_overflow_crystal_walls,
          kennysheep_mini_moat, orc_david_3
D:10:     layout_basic, nemelex_altar_shiori, lemuel_crystal_altar,
          nicolae_overflow_squiral, lair_entry_dummy, chequers_garden,
          uniq_snorg
D:11:     nicolae_hitomezashi [nicolae_hito_row, nicolae_hito_row,
          nicolae_hito_row, nicolae_hito_row, nicolae_hito_row,
          nicolae_hito_row, nicolae_hito_row, nicolae_hito_row,
          nicolae_hito_row, nicolae_hito_row, nicolae_hito_row,
          nicolae_hito_row, nicolae_hito_row, nicolae_hito_row,
          nicolae_hito_row, nicolae_hito_row, nicolae_hito_row,
          nicolae_hito_row], layout_rooms, zin_purify
D:12:     layout_cave_pools, uniq_erolcha, uniq_lodul
D:13:     layout_gridville, david_vaults_1, nicolae_hexahallways,
          xom_teletrap_fun
D:14:     layout_basic, serial_bayou_pond_d, minmay_crystal_water, uniq_nessos,
          uniq_agnes, uniq_rupert
Temple:   nicolae_temple_figure_zero
Lair:1:   layout_chaotic_city, uniq_joseph
Lair:2:   layout_hall_layers, st_stairs_6
Lair:3:   layout_regular_city, minmay_shoals_entry_lonely_mermaid,
          spider_nest_entry_funnel_web, nicolae_quartered_pool_super
Lair:4:   nzn_winding_woodlands_cross [nzn_winding_woodlands_5x15_parted,
          nzn_winding_woodlands_5x15_eye, nzn_winding_woodlands_5x15_crooked,
          nzn_winding_woodlands_5x15_sawtooth,
          nzn_winding_woodlands_15x15_five_gardens], layout_long_grid,
          minmay_slime_entry_oklob_open, gammafunk_ghost_split
Lair:5:   hangedman_lair_tendril_chambers, layout_gridlike, serial_forest,
          infiniplex_forest_lined_2, infiniplex_forest_end_double,
          infiniplex_forest_zigzag_2, infiniplex_forest_clump_small,
          infiniplex_forest_straight_2, infiniplex_forest_clump_diagonal,
          infiniplex_forest_join, basic_altar
Shoals:1: layout_shoals, ebering_ghost_gozag, serial_shops,
          nicolae_lakefront_shop, nicolae_take_the_stairs,
          nicolae_shoals_beach_cooler
Shoals:2: layout_shoals
Shoals:3: layout_shoals, nicolae_shop_gadgets
Spider:1: layout_chambers
Spider:2: layout_spider_delve
Orc:1:    layout_diamond_mine, serial_shops, shop, nicolae_shop_trees, shop,
          shop, uniq_fannar, uniq_erica, uniq_sonja, uniq_jorgrun
Orc:2:    st_orc_congregation, layout_diamond_mine, lightli_orcish_oven,
          uniq_maurice
Elf:1:    nicolae_elf_arrival_fired_up, layout_gridlike, serial_shops,
          nicolae_shop_rolled_up, portal_desolation_entry_nicolae_slug,
          minmay_elf_sorcery
Elf:2:    nicolae_elf_blades_crystal_corner, layout_geoelf_octagon,
          serial_shops, nicolae_shop_statue_plus, uniq_azrael, uniq_nikola,
          uniq_norris
Elf:3:    elf_hall_gauntlet_narrow, layout_loops_cross, serial_shops,
          nicolae_shop_scrapyard, serial_sigils, serial_sigils_hangedman_snap,
          serial_sigils_hangedman_clutch, serial_sigils_hangedman_shear,
          serial_sigils_hangedman_gut, serial_sigils_hangedman_gut, uniq_louise,
          uniq_roxanne

Skill      XL: |  1  2  3  4  5  6  7  8  9 10 11 12 13 14 15 16 17 |
---------------+----------------------------------------------------+-----
Axes           | 2 3 4 5 7 8 11 15 16 18 19 | 19.3
Armour         | 4 5 6 7 9 10 | 10.1
Fighting       | 3 4 6 8 10 | 10.3
Shields        | 4 5 6 8 10 | 10.0
Invocations    | 9 10 12 | 12.0
Transmutations | 4 6 8 |  8.0
Translocations | 2 6 7 |  7.9
Dodging        | 1 4 |  4.1
Spellcasting   | |  0.7
Shapeshifting  | |  0.8

Action                     |  1- 3 |  4- 6 |  7- 9 | 10-12 | 13-15 | 16-18 || total
---------------------------+-------+-------+-------+-------+-------+-------++-------
  Melee: War axe           |    94 |   168 |   364 |       |    32 |       ||   658
         Tailslap          |     4 |    22 |    49 |    33 |   257 |   131 ||   496
         Broad axe         |       |       |       |   204 |  1152 |   648 ||  2004
  Throw: Dart              |       |     3 |     5 |       |     4 |       ||    12
         Boomerang         |       |     3 |     3 |       |       |       ||     6
         Throwing net      |       |       |     1 |       |       |       ||     1
   Cast: Wereblood         |       |       |       |       |       |     3 ||     3
 Invoke: Summon Divine War |       |       |       |       |     2 |     5 ||     7
         Divine Shield     |       |       |       |       |     1 |     2 ||     3
  Evoke: Wand              |       |       |    17 |       |    21 |    10 ||    48
    Use: Potion            |       |     4 |     1 |     4 |     9 |     7 ||    25
         Scroll            |       |    11 |     9 |     6 |    10 |     4 ||    40
   Stab: Held in net/web   |       |       |     1 |       |       |       ||     1
 Armour: Scale mail        |    25 |       |       |       |       |       ||    25
         Chain mail        |    44 |   162 |   247 |   171 |   615 |   646 ||  1885
         Skin              |       |     3 |       |       |       |       ||     3
         Plate armour      |       |       |     5 |       |   319 |     5 ||   329
  Dodge: Dodged            |    30 |    49 |   118 |    93 |   325 |    99 ||   714
  Block: Buckler           |    23 |    29 |    84 |    63 |   316 |   138 ||   653

Table legend: (Time is in decaauts)
 A = Elapsed time spent in this place.
 B = Non-inter-level travel time spent in this place.
 C = Inter-level travel time spent in this place.
 D = Time resting spent in this place.
 E = Time spent auto-exploring this place.
 F = Levels seen in this place.
 G = Mean time per level.
                   A        B        C        D        E       F      G
               +--------+--------+--------+--------+--------+-----+--------+
         Total |  26172 |  24121 |   2051 |   2055 |  14540 |  32 |  817.9 |
       Dungeon |  12835 |  11901 |    934 |    847 |   8059 |  14 |  916.8 |
        Temple |     26 |     14 |     12 |      0 |      0 |   1 |   26.0 |
          Lair |   5575 |   5059 |    516 |      0 |   3808 |   5 | 1115.0 |
        Shoals |    754 |    669 |     85 |    322 |      0 |   3 |  251.3 |
   Spider Nest |   1710 |   1675 |     35 |      0 |   1348 |   2 |  855.0 |
  Orcish Mines |   1759 |   1453 |    306 |    205 |    607 |   2 |  879.5 |
   Elven Halls |   2561 |   2400 |    161 |    415 |    718 |   3 |  853.7 |
         Abyss |    132 |    132 |      0 |      3 |      0 |   1 |  132.0 |
        Bailey |    816 |    816 |      0 |    262 |      0 |   1 |  816.0 |
               +--------+--------+--------+--------+--------+-----+--------+

Top non-repeatable levels by time:
  Lair:5: 1595 daAuts
  Lair:4: 1549 daAuts
Spider:1: 1418 daAuts
     D:5: 1330 daAuts
     D:4: 1329 daAuts
    D:14: 1288 daAuts
   Orc:2: 1280 daAuts
  Lair:3: 1132 daAuts
    D:13: 1075 daAuts
   Elf:3: 1072 daAuts
    D:10: 1010 daAuts
     D:9: 908 daAuts
    D:11: 885 daAuts
     D:2: 882 daAuts
     D:3: 860 daAuts
